 Dungeon Crawl Stone Soup version 0.30-a0-393-g54b8e3be05 (webtiles) character file.

Game seed: 11753894198628543858

7819 zishaf the Party-goer (level 11, -9/58 HPs)
             Began as a Vine Stalker Brigand on Dec 5, 2022.
             Was a Follower of Uskayaw.
             Mangled by a balrug
             ... wielding a +2 demon whip of venom
              (19 damage)
             ... on level 1 of the Abyss.
             The game lasted 00:18:44 (9727 turns).

zishaf the Party-goer (Vine Stalker Brigand)        Turns: 9727, Time: 00:18:44

Health: -9/58      AC: 12    Str: 23    XL:     11   Next: 21%
Magic:  0/18       EV: 10    Int: 11    God:    Uskayaw [*.....]
Gold:   714        SH:  6    Dex: 17    Spells: 10/10 levels left

rFire   . . .      SeeInvis .    n - +1 dagger (speed)
rCold   . . .      Faith    .    s - +0 buckler
rNeg    . . .      Spirit   +    L - +2 ring mail {rPois}
rPois   +          Reflect  .    H - +2 hat
rElec   .          Harm     .    c - +0 cloak
rCorr   .          Rampage  .    d - +1 pair of gloves
Will    +....                    (no boots)
Stlth   ++........               i - amulet of magic regeneration
HPRegen 1.09/turn                v - +6 ring of strength
MPRegen 0.56/turn                (no ring)

@: on fire, about to teleport, glowing
A: fangs 3, regeneration 1, magic shield, antimagic bite, no potion heal 2
a: Renounce Religion, Stomp


You were on level 1 of the Abyss.
You worshipped Uskayaw.
Uskayaw was aware of your devotion.
You visited 1 branch of the dungeon, and saw 11 of its levels.
You visited the Abyss 1 time.

You collected 847 gold pieces.
You spent 133 gold pieces at shops.

Inventory:

Hand Weapons
 a - a +3 dagger
 n - a +1 dagger of speed (weapon)
 C - the +2 long sword of the Immovable Dreams {holy, rElec Str+8 Int-3 Dex+4}
   (You found it on level 7 of the Dungeon)

   It has been blessed by the Shining One to cause great damage to the undead
   and demons.
   Str:       It affects your strength (+8).
   Int:       It affects your intelligence (-3).
   Dex:       It affects your dexterity (+4).
   rElec:     It insulates you from electricity.
 I - a +3 short sword of freezing
 J - a +3 dagger
Missiles
 e - 3 curare-tipped darts
 q - a throwing net
 t - 20 poisoned darts
 y - 3 javelins
 z - 8 boomerangs (quivered)
 B - 5 atropa-tipped darts
Armour
 c - a +0 cloak (worn)
 d - a +1 pair of gloves (worn)
 h - a +2 leather armour of fire resistance
 s - a +0 buckler (worn)
 A - the +3 leather armour of Cheibriados's Scorn {Int+4}
   (You bought it in a shop on level 8 of the Dungeon)

   Int:       It affects your intelligence (+4).
 H - a +2 hat (worn)
 L - a +2 ring mail of poison resistance (worn)
Jewellery
 i - an amulet of magic regeneration (around neck)
 v - a +6 ring of strength (left hand)
 N - a ring of wizardry
Wands
 r - a wand of digging (6)
 E - a wand of flame (25)
 G - a wand of polymorph (13)
 O - a wand of paralysis (6)
Scrolls
 b - a scroll of blinking
 g - 2 scrolls of poison
 o - 2 scrolls of teleportation
 D - a scroll of enchant armour
 F - 2 scrolls of identify
 K - a scroll of silence
 M - a scroll of butterflies
 P - 2 scrolls of vulnerability
Potions
 f - 3 potions of lignification
 j - a potion of haste
 k - 3 potions of resistance
 l - a potion of magic
 m - 2 potions of might
 p - 2 potions of curing
 u - 3 potions of mutation
 w - 2 potions of brilliance
 x - 2 potions of attraction


   Skills:
 + Level 7.1 Fighting
 + Level 7.2 Short Blades
 - Level 6.0 Throwing
 - Level 1.0 Dodging
 - Level 8.0 Stealth
 - Level 5.0 Shields
 * Level 9.0 Invocations


You had 10 spell levels left.
You didn't know any spells.
Your spell library contained the following spells:

 Spells                   Type           Power      Damage    Failure   Level
 Beastly Appendage        Tmut           0%         N/A       58%         1
 Kiss of Death            Conj/Necr      0%         2d5       58%         1
 Blink                    Tloc           0%         N/A       73%         2
 Momentum Strike          Conj/Tloc      0%         3d8       73%         2
 Wereblood                Tmut           0%         N/A       73%         2
 Call Canine Familiar     Summ           0%         N/A       91%         3
 Confusing Touch          Hex            0%         N/A       91%         3
 Lesser Beckoning         Tloc           0%         N/A       91%         3
 Portal Projectile        Hex/Tloc       0%         N/A       91%         3
 Spider Form              Tmut/Pois      0%         N/A       91%         3
 Tukima's Dance           Hex            0%         N/A       91%         3
 Anguish                  Hex/Necr       0%         N/A       100%        4
 Animate Dead             Necr           0%         N/A       100%        4
 Dispel Undead            Necr           0%         3d6       100%        4
 Leda's Liquefaction      Hex/Erth       0%         N/A       100%        4
 Passage of Golubria      Tloc           0%         N/A       100%        4
 Yara's Violent Unravell  Hex/Tmut       0%         3d3       100%        5
 Enfeeble                 Hex            0%         N/A       100%        7
 Haunt                    Necr/Summ      0%         N/A       100%        7
 Infestation              Necr           0%         N/A       100%        8


Dungeon Overview and Level Annotations

Branches:
Dungeon (11/15)            Temple (0/1) D:6            Lair (0/5) D:9
    Orc (0/2) D:11

Altars:
Ashenzari
Cheibriados
Dithmenos
Elyvilon
Kikubaaqudgha
Makhleb
Qazlal
Trog
Uskayaw
Vehumet
Wu Jian
Xom
The Shining One

Shops:
D:8 [

Annotations:
D:6 exclusion: upstairs
D:10 3 runed translucent doors, p00ps00p's ghost, journeyman HOFi
D:11 Erolcha


Innate Abilities, Weirdness & Mutations

You have razor-sharp teeth.
Your natural rate of healing is unusually fast.
When hurt, damage is shared between your health and your magic reserves.
Your bite disrupts and absorbs the magic of your enemies.
Potions cannot restore your health.


Message History

Things that are here:
a killer bee corpse; a warg corpse The helpless orc fails to defend itself.
You skewer the orc like a kebab!!!
You kill the orc!
Uskayaw will force your foes to share their pain.
You hear a shout!
Items here: ))) [[ †.
The helpless orc fails to defend itself.
You perforate the orc like a sieve!!!
You kill the orc!
You hear some strange, mumbled words.
You are cast into the Abyss!
This branch contains the abyssal rune of Zot.
Reactivating autopickup.
You can no longer pass through a line of other dancers.
You don't have any unidentified items.
A small abomination comes into view.
Found a corrupted altar of Lugonu.
A starcursed mass comes into view.
A balrug comes into view.
It is wielding a +2 demon whip of venom.
As you read the scroll of teleportation, it crumbles to dust.
You feel strangely unstable.
You feel the power of the Abyss delaying your translocation!
The balrug shouts!
The balrug gestures at you. The bolt of fire hits you!!
The small abomination barely misses you.
The balrug gestures at you. The sticky flame hits you.
You are covered in liquid flames!
You are covered in liquid flames!
The centaur warrior skeleton hits you but does no damage.
The centaur warrior skeleton kicks you. The small abomination hits you!
A large abomination comes into view.
The balrug attacks as you move away!
The balrug hits you with a +2 demon whip of venom!!
* * * LOW HITPOINT WARNING * * *
You are engulfed in flames!!
You die...

. .#.. #. #..#
.#...# .#.. #...
#..# .. #.2###X#.
#.@...#.## #
##xZ#.#.. #
#.###.. #####.##
# #.#X##.# #..
...# #
#..#.#.##..#.#.#
. #.....# #.#..
..#. .
#..##.##..Z.##.
..### ..##
#.#..## ..... ...
.##
####...##.....##.


You could see a starcursed mass, a balrug, a large abomination, a small
abomination and a centaur warrior skeleton.

Vanquished Creatures
  Erica (D:10)
  A kobold demonologist (D:9)
  A komodo dragon (D:10)
  2 trolls
  A hornet (D:9)
  A vampire (D:11)
  2 wyverns (D:9)
  Grum (D:11)
  6 yaks (D:8)
  Menkaure (D:4)
  2 wargs (D:11)
  An acid dragon (D:9)
  Edmund (D:4)
  A black bear (D:7)
  3 orc warriors
  An ice beast (D:6)
  2 sky beasts (D:7)
  3 wolves (D:11)
  2 centaurs
  A phantom (D:6)
  A kobold brigand (D:7)
  3 bullfrogs
  A gnoll sergeant (D:9)
  9 wights
  20 killer bees
  An electric eel (D:7)
  A howler monkey (D:5)
  A vampire bat (D:4)
  3 crimson imps (D:3)
  2 hounds (D:5)
  An iron imp (D:5)
  Crazy Yiuf (D:4)
  7 orc priests
  7 iguanas
  Ijyb (D:2)
  11 orc wizards
  A mummy (D:6)
  11 gnolls
  6 adders
  A shadow imp (D:3)
  4 white imps
  An ufetubus (D:5)
  A worm (D:4)
  2 dart slugs
  35 orcs
  3 bat skeletons (D:4)
  3 bat zombies (D:4)
  7 endoplasms
  3 giant cockroaches
  10 goblins
  7 hobgoblins
  2 quokkas
  4 ball pythons
  4 bats
  4 frilled lizards
  12 kobolds
  3 kobold zombies (D:6)
  An orc zombie (D:6)
  3 rats
232 creatures vanquished.

Vanquished Creatures (others)
  3 plants (D:10)
3 creatures vanquished.

Grand Total: 235 creatures vanquished

Notes
Turn   | Place    | Note
-------+----------+-------------------------------------------
     0 | D:1      | zishaf the Vine Stalker Brigand began the quest for the
                  | Orb.
     0 | D:1      | Reached XP level 1. HP: 11/11 MP: 2/2
   115 | D:1      | Reached skill level 1 in Dodging
   115 | D:1      | Reached XP level 2. HP: 15/15 MP: 3/3
   120 | D:1      | Reached skill level 5 in Stealth
   262 | D:1      | Reached XP level 3. HP: 13/18 MP: 4/4
  1548 | D:2      | Gained mutation: Your natural rate of healing is unusually
                  | fast. [Vine Stalker growth]
  1548 | D:2      | Reached XP level 4. HP: 23/23 MP: 5/5
  1798 | D:3      | Noticed Ijyb
  1799 | D:3      | Noticed a centaur
  1946 | D:2      | Killed Ijyb
  2066 | D:3      | Found a shadowy altar of Dithmenos.
  2094 | D:3      | Reached XP level 5. HP: 27/27 MP: 6/6
  2164 | D:3      | Found a faded altar of an unknown god.
  2289 | D:3      | Killed a centaur
  2290 | D:3      | Reached XP level 6. HP: 27/32 MP: 7/7
  2597 | D:3      | Found a shimmering altar of Xom.
  3007 | D:4      | Reached XP level 7. HP: 34/36 MP: 6/8
  3072 | D:4      | Noticed Menkaure
  3084 | D:4      | Killed Menkaure
  3220 | D:4      | Found an ancient bone altar of Kikubaaqudgha.
  3309 | D:4      | Noticed Edmund
  3314 | D:4      | Killed Edmund
  3347 | D:4      | Found a runed translucent door.
  3348 | D:4      | Noticed Crazy Yiuf
  3553 | D:4      | Found a hide-covered altar of Uskayaw.
  3559 | D:4      | Became a worshipper of Uskayaw the Reveller
  3666 | D:4      | Reached * piety under Uskayaw
  3668 | D:4      | Killed Crazy Yiuf
  3754 | D:5      | Entered Level 5 of the Dungeon
  3771 | D:5      | Reached skill level 1 in Invocations
  3771 | D:5      | Gained mutation: You have razor-sharp teeth. [Vine Stalker
                  | growth]
  3771 | D:5      | Reached XP level 8. HP: 42/42 MP: 8/10
  3845 | D:5      | Reached ** piety under Uskayaw
  3904 | D:5      | Reached skill level 2 in Invocations
  4046 | D:5      | Reached *** piety under Uskayaw
  4301 | D:5      | Found a white marble altar of Elyvilon.
  4347 | D:5      | Identified the +0 leather armour of the Silversmith {Dex+4}
  4470 | D:5      | Found a snail-covered altar of Cheibriados.
  4555 | D:5      | Reached skill level 3 in Invocations
  4671 | D:6      | Found a staircase to the Ecumenical Temple.
  4701 | D:6      | Found a glowing golden altar of the Shining One.
  4833 | D:6      | Reached skill level 1 in Shields
  4938 | D:6      | Noticed a troll
  4950 | D:6      | Killed a troll
  4951 | D:6      | Reached skill level 4 in Invocations
  5256 | D:6      | Reached skill level 5 in Short Blades
  5679 | D:6      | Reached skill level 5 in Fighting
  5679 | D:6      | Reached XP level 9. HP: 47/47 MP: 13/13
  5837 | D:7      | Identified the +2 long sword of the Immovable Dreams {holy,
                  | rElec Str+8 Int-3 Dex+4}
  5966 | D:7      | Reached skill level 5 in Invocations
  6853 | D:8      | Reached **** piety under Uskayaw
  6855 | D:8      | Reached skill level 6 in Invocations
  6857 | D:8      | Reached ***** piety under Uskayaw
  7078 | D:8      | Found Giutur's Antique Armour Emporium.
  7128 | D:8      | Reached XP level 10. HP: 53/53 MP: 15/15
  7142 | D:8      | Reached ****** piety under Uskayaw
  7163 | D:8      | Bought a brightly glowing leather armour for 133 gold
                  | pieces
  7163 | D:8      | Identified the +3 leather armour of Cheibriados's Scorn
                  | {Int+4} (You bought it in a shop on level 8 of the Dungeon)
  7326 | D:8      | Reached skill level 7 in Invocations
  7457 | D:9      | Found a staircase to the Lair.
  7573 | D:9      | Reached skill level 5 in Throwing
  7802 | D:9      | Found a radiant altar of Vehumet.
  7808 | D:9      | Noticed a kobold demonologist
  7823 | D:9      | Killed a kobold demonologist
  8275 | D:9      | Paralysed by a hornet for 2 turns
  8504 | D:10     | Entered Level 10 of the Dungeon
  8514 | D:10     | Found a runed translucent gate.
  8515 | D:10     | Found a runed translucent gate.
  8516 | D:10     | Found a runed translucent gate.
  8516 | D:10     | Noticed an 11-headed hydra
  8516 | D:10     | Noticed p00ps00p's ghost (journeyman HOFi)
  8517 | D:10     | Noticed a nine-headed hydra
  8593 | D:10     | Found an ornate altar of the Wu Jian Council.
  8593 | D:10     | Found a burning altar of Makhleb.
  8676 | D:10     | Noticed Erica
  8683 | D:10     | Killed Erica
  8684 | D:10     | Reached skill level 8 in Invocations
  9038 | D:10     | Found a bloodstained altar of Trog.
  9038 | D:10     | Found a broken altar of Ashenzari.
  9039 | D:10     | Found a stormy altar of Qazlal.
  9080 | D:10     | Reached skill level 5 in Shields
  9080 | D:10     | Reached XP level 11. HP: 58/58 MP: 18/18
  9400 | D:11     | Noticed Grum
  9454 | D:11     | Killed Grum
  9506 | D:11     | Found a staircase to the Orcish Mines.
  9626 | D:11     | Reached skill level 9 in Invocations
  9627 | D:11     | Noticed Erolcha
  9657 | Abyss:1  | Cast into level 1 of the Abyss (Erolcha)
  9709 | Abyss:1  | Found a corrupted altar of Lugonu.
  9722 | Abyss:1  | Noticed a starcursed mass
  9724 | Abyss:1  | Noticed a balrug
  9727 | Abyss:1  | Mangled by a balrug

Illustrated notes

Levels and vault maps discovered:
D:1:      matt_arrival_refuge, layout_basic, minmay_cut_off
D:2:      layout_loops_ring, kennysheep_minor_cross, amcnicky_mini_pool_small,
          nrook_uturn, dk_noncrumbling_2
D:3:      layout_basic, led_xom_imps, mainiacjoe_overflow_tiny_flanked,
          ebering_ecumenical_altar_webs, grunt_ministairs_14, minmay_cupped,
          uniq_ijyb
D:4:      layout_loops_ring, kennysheep_little_box, kennysheep_vampire_church,
          uniq_menkaure, uniq_crazy_yiuf_cottage, uniq_edmund
D:5:      layout_basic, chei_slow_surprise, nicolae_overflow_hidden_temple,
          minmay_misc_feat_rows
D:6:      layout_layer_cave, mainiacjoe_overflow_concentric_impassable,
          minmay_temple_entry_water_ring, minmay_mini_ossuary
D:7:      cheibrodos_helix_gallery, layout_loops_ring
D:8:      layout_rooms, serial_shops, shop
D:9:      nicolae_cairo_tiling_large, layout_stronghold,
          nicolae_vehumet_radiance, lair_entry_dummy
D:10:     layout_basic, chequers_temple_overflow_statue_of_worship,
          gammafunk_temple_overflow_statue, gammafunk_ghost_hydra_chop,
          minivault_25_ag, uniq_erica
D:11:     layout_roguey, erik_orc_4, uniq_grum, uniq_erolcha, uniq_psyche
Abyss:1:  base: D:6, evilmike_abyss_exit_5, grunt_abyss_exit_deep_breaths

Skill      XL: |  1  2  3  4  5  6  7  8  9 10 11 |
---------------+----------------------------------+-----
Dodging        | 1 |  1.0
Stealth        | 5 6 7 8 |  8.0
Fighting       | 2 3 4 5 6 7 |  7.1
Throwing       | 2 3 4 5 6 |  6.0
Short Blades   | 2 3 4 5 6 7 |  7.2
Invocations    | 1 4 6 8 9 |  9.0
Shields        | 2 3 5 |  5.0

Action                   |  1- 3 |  4- 6 |  7- 9 | 10-12 || total
-------------------------+-------+-------+-------+-------++-------
Melee: Dagger            |    79 |   211 |   396 |   386 ||  1072
       Bite              |    16 |    67 |   145 |   128 ||   356
       Punch             |     1 |     2 |     2 |       ||     5
Throw: Dart              |     7 |    13 |     5 |       ||    25
       Throwing net      |       |     1 |       |       ||     1
       Boomerang         |       |       |    14 |    18 ||    32
       Javelin           |       |       |     6 |       ||     6
  Use: Scroll            |       |     9 |    11 |     2 ||    22
       Potion            |       |       |       |     1 ||     1
 Stab: Sleeping          |     7 |     6 |    15 |     6 ||    34
       Distracted        |     1 |       |     1 |     1 ||     3
       Paralysed         |       |       |    10 |    18 ||    28
Armor: Robe              |    16 |       |       |       ||    16
       Leather armour    |     3 |    28 |    72 |     4 ||   107
       Ring mail         |       |       |       |    76 ||    76
Dodge: Dodged            |    30 |    85 |   110 |   115 ||   340
Block: Buckler           |       |       |    27 |    57 ||    84

Table legend: (Time is in decaauts)
 A = Elapsed time spent in this place.
 B = Non-inter-level travel time spent in this place.
 C = Inter-level travel time spent in this place.
 D = Time resting spent in this place.
 E = Time spent auto-exploring this place.
 F = Levels seen in this place.
 G = Mean time per level.
                   A        B        C        D        E       F      G
               +--------+--------+--------+--------+--------+-----+--------+
         Total |   9243 |   8841 |    402 |    128 |   6772 |  12 |  770.2 |
       Dungeon |   9174 |   8772 |    402 |    128 |   6772 |  11 |  834.0 |
         Abyss |     69 |     69 |      0 |      0 |      0 |   1 |   69.0 |
               +--------+--------+--------+--------+--------+-----+--------+

Top non-repeatable levels by time:
     D:6: 1141 daAuts
     D:2: 1127 daAuts
     D:9: 1069 daAuts
     D:4: 938 daAuts
     D:1: 850 daAuts
     D:7: 850 daAuts
     D:5: 806 daAuts
    D:10: 769 daAuts
     D:3: 713 daAuts
     D:8: 674 daAuts
    D:11: 233 daAuts
 Abyss:1: 69 daAuts
